 Dungeon Crawl Stone Soup version 0.29.1-2-gbd0b4ee654 (webtiles) character file.

Game seed: 11241237361464555167

1118 hawla the Arsonist (level 8, -1/61 HPs)
             Began as a Meteoran Fire Elementalist on Nov 14, 2022.
             Was a Follower of Vehumet.
             Slain by Pikel
             ... wielding a +1 whip of freezing
              (2 damage)
             ... on level 8 of the Dungeon.
             The game lasted 00:14:34 (3074 turns).

hawla the Arsonist (Meteoran Fire Elementalist)     Turns: 3074, Time: 00:14:34

Health: -1/61      AC: 12    Str: 10    XL:     8   Next: 91%
Magic:  0/17       EV: 13    Int: 24    God:    Vehumet [*.....]
Gold:   135        SH:  0    Dex: 15    Spells: 10/17 levels left

rFire   . . .      SeeInvis .   b - +0 flail (protect)
rCold   . . .      Faith    .   (no shield)
rNeg    . . .      Spirit   .   a - +2 robe
rPois   .          Reflect  .   (no helmet)
rElec   .          Harm     .   (no cloak)
rCorr   .          Rampage  .   f - +0 pair of gloves
Will    +....                   (no boots)
Stlth   +.........              (no amulet)
HPRegen 0.20/turn               r - +6 ring of intelligence
MPRegen 0.15/turn               (no ring)

@: brilliant, under a protective aura, attractive, glowing, studying Fighting
A: sense surroundings 1, otherworldly, glowing, explore regen
a: Renounce Religion


You were on level 8 of the Dungeon.
You worshipped Vehumet.
Vehumet was aware of your devotion.
You visited 2 branches of the dungeon, and saw 7 of its levels.
You also visited: Sewer.

You collected 215 gold pieces.
You spent 80 gold pieces at shops.

Inventory:

Hand Weapons
 b - a +0 flail of protection (weapon)
Armour
 a - a +2 robe (worn)
 f - a +0 pair of gloves (worn)
Magical Staves
 u - a staff of conjuration
Jewellery
 r - a +6 ring of intelligence (left hand)
Wands
 q - a wand of flame (2) (quivered)
 y - a wand of iceblast (7)
Scrolls
 e - 2 scrolls of enchant armour
 h - a scroll of torment
 i - a scroll of vulnerability
 k - a scroll of identify
 l - a scroll of fear {unknown}
 w - a scroll of blinking {unknown}
 x - 2 scrolls of silence {unknown}
 z - a scroll of immolation
Potions
 d - a potion of invisibility
 j - 7 potions of curing
 n - 3 potions of flight
 o - a potion of attraction
 p - a potion of brilliance
 s - a potion of cancellation {unknown}
 t - a potion of might {unknown}
 v - 2 potions of haste {unknown}


   Skills:
 + Level 2.1 Fighting
 + Level 2.7 Maces & Flails
 + Level 3.3 Dodging
 - Level 1.4 Stealth
 + Level 5.3 Spellcasting
 + Level 4.9 Conjurations
 + Level 8.7 Fire Magic
 + Level 2.0 Evocations


You had 10 spell levels left.
You knew the following spells:

 Your Spells              Type           Power      Damage    Failure   Level
a - Foxfire               Conj/Fire      100%       2x1d9     1%          1
b - Scorch                Fire           100%       2d10      1%          2
c - Flame Wave            Conj/Fire      56%        2d13      4%          4

Your spell library contained the following spells:

 Spells                   Type           Power      Damage    Failure   Level
 Sandblast                Erth           18%        2d7       9%          1
 Conjure Flame            Conj/Fire      56%        6-21      1%          3
 Inner Flame              Hex/Fire       41%        N/A       4%          3
 Gell's Gravitas          Tloc           9%         N/A       26%         3
 Teleport Other           Tloc           9%         N/A       26%         3
 Dispersal                Tloc           4%         N/A       100%        6


Dungeon Overview and Level Annotations

Branches:
Dungeon (8/15) Zot: 731    Temple (1/1) D:4 Zot: 489    Lair (0/5) D:8
  Sewer (visited)

Altars:
Cheibriados
Fedhas
Gozag
Kikubaaqudgha
Makhleb
Nemelex Xobeh
Qazlal
Ru
Sif Muna
Trog
Uskayaw
Vehumet
Wu Jian
Yredelemnul
Zin
The Shining One

Shops:
D:3 !

Annotations:
D:5 2 runed translucent doors
D:8 Pikel


Innate Abilities, Weirdness & Mutations

You passively map a small area around you.
You are easily found by Zot.
You glow in the dark.
You regain HP and MP as you explore.


Message History

The lemure is almost dead.
The flame wave engulfs the lemure!
The lemure is heavily wounded.
A lemure comes into view.
The lemure hits you but does no damage.
Pikel hits you with a +1 whip of freezing!
Pikel freezes you. The lemure is attracted toward you. x2
A wave of flame ripples out!
The flame wave engulfs Pikel!
Pikel is almost dead.
The flame wave engulfs the lemure!
You kill the lemure!
That felt strangely unrewarding.
The flame wave engulfs the lemure!
The lemure is moderately wounded.
The flame wave engulfs the lemure!!
You kill the lemure!
That felt strangely unrewarding.
You finish channelling waves of flame.
You hear a bellow!
You hear a shout! x2
Pikel hits you with a +1 whip of freezing!
Pikel freezes you. The lemure is attracted toward you.
You hit Pikel.
Your weapon exudes an aura of protection.
Pikel is almost dead.
The lemure hits you but does no damage. Pikel hits you but does no damage.
You closely miss Pikel.
Pikel is almost dead.
A yak comes into view.
The lemure hits you.
* * * LOW HITPOINT WARNING * * *
The lemure misses you.
Pikel hits you with a +1 whip of freezing.
* * * LOW HITPOINT WARNING * * *
Pikel freezes you.
* * * LOW HITPOINT WARNING * * *
A gnoll comes into view. It is wielding a +0 spear.
The lemure hits you but does no damage. The lemure hits you.
* * * LOW HITPOINT WARNING * * *
Pikel hits you with a +1 whip of freezing.
* * * LOW HITPOINT WARNING * * *
Pikel freezes you.
You die...

,,,,<,*,,*****,,,,,,,,,,,,,,*
**,,****,##****,,,,,,,,,,,,,*
**,,,**,,..##.,,,,,,***,,,,**
,,,****,..Y...*,,,,*#*,,,,,*
,,,,*,>,......###*,.##,.,***
*,,,,,,,........###).#.#,*
**,,,,,*#.......#.)....#**
***,,,,,.....ยง.K))!...#*
,**,,,,,.......5@)....#
,,,,,,,,.......5.....##
*,,,,,,,*#####...##..#
,,**,,,..##.....##**##
,,*,,,,..........##
,,**,,,...g.......#####
,,*,,,,.............#.##
,,,,,,,...#..<.........##
,,*,,,,..,#..[.#.[......#


You could see Pikel, a yak, 2 lemures and a gnoll.

Vanquished Creatures
  A water moccasin (D:5)
  An ice beast (D:8)
  An ogre (D:5)
  3 centaurs
  2 lemures (D:8)
  2 kobold brigands
  A scorpion (D:5)
  A jelly (D:4)
  2 hounds (D:5)
  3 orc priests
  4 gnolls
  4 adders
  2 river rats (Sewer)
  A white imp (D:5)
  4 worms
  5 dart slugs
  17 orcs
  8 ball pythons
  6 endoplasms
  3 giant cockroaches
  3 goblins
  6 hobgoblins
  3 jackals (D:3)
  A quokka (D:4)
  6 bats
  4 frilled lizards
  20 kobolds
  9 rats
123 creatures vanquished.

Vanquished Creatures (collateral kills)
  4 foxfires (D:5)
4 creatures vanquished.

Vanquished Creatures (others)
  152 foxfires
  3 fungi (D:5)
  3 plants (D:5)
158 creatures vanquished.

Grand Total: 285 creatures vanquished

Notes
Turn   | Place    | Note
-------+----------+-------------------------------------------
     0 | D:1      | hawla the Meteoran Fire Elementalist began the quest for
                  | the Orb.
     0 | D:1      | Reached XP level 1. HP: 14/14 MP: 5/5
   153 | D:1      | Reached skill level 4 in Fire Magic
   153 | D:1      | Reached XP level 2. HP: 20/20 MP: 3/6
   447 | D:1      | Reached XP level 3. HP: 25/26 MP: 4/8
   450 | D:1      | Learned a level 2 spell: Scorch
   500 | D:1      | Glimpsed the power of Zot.
   550 | D:1      | Glimpsed the power of Zot.
   607 | D:2      | Found a faded altar of an unknown god.
   688 | D:2      | Reached XP level 4. HP: 22/33 MP: 5/9
   695 | D:2      | Learned a level 4 spell: Flame Wave
   754 | D:2      | Reached skill level 5 in Fire Magic
  1100 | D:2      | Glimpsed the power of Zot.
  1199 | D:3      | Found a bloodstained altar of Trog.
  1249 | D:3      | Found Zezowot's Distillery.
  1262 | D:3      | Bought a potion of curing for 30 gold pieces
  1262 | D:3      | Bought a potion of heal wounds for 50 gold pieces
  1280 | D:3      | Reached XP level 5. HP: 38/38 MP: 2/10
  1532 | D:3      | Reached skill level 6 in Fire Magic
  1608 | D:4      | Found a glowing drain.
  1616 | D:4      | Reached XP level 6. HP: 45/45 MP: 2/11
  1628 | Sewer    | Entered a sewer
  1699 | Sewer    | Reached skill level 7 in Fire Magic
  1719 | Sewer    | Found a white marble altar of Elyvilon.
  1769 | D:4      | Noticed a centaur
  1777 | D:4      | Killed a centaur
  1778 | D:4      | Reached XP level 7. HP: 33/50 MP: 0/12
  1794 | D:4      | Found a staircase to the Ecumenical Temple.
  1817 | Temple   | Entered the Ecumenical Temple
  1915 | Temple   | Became a worshipper of Vehumet
  2256 | D:4      | Found a sparkling altar of Nemelex Xobeh.
  2296 | D:5      | Entered Level 5 of the Dungeon
  2303 | D:5      | Reached skill level 1 in Maces & Flails
  2405 | D:5      | Reached skill level 1 in Fighting
  2405 | D:5      | Reached skill level 8 in Fire Magic
  2405 | D:5      | Reached XP level 8. HP: 32/59 MP: 11/15
  2458 | D:5      | Reached skill level 1 in Evocations
  2482 | D:5      | Found a large runed translucent door.
  2482 | D:5      | Found a large runed translucent door.
  2537 | D:5      | Found a blossoming altar of Fedhas.
  2550 | D:5      | Found a stormy altar of Qazlal.
  2644 | D:5      | Found a large runed translucent door.
  2644 | D:5      | Found a large runed translucent door.
  2645 | D:5      | Noticed a troll
  2648 | D:5      | Noticed a wraith
  2792 | D:5      | HP: 3/61 [troll (11)]
  3043 | D:5      | You fall into a shaft and drop 3 floors!
  3057 | D:8      | Reached skill level 5 in Spellcasting
  3064 | D:8      | Reached * piety under Vehumet
  3064 | D:8      | Offered knowledge of Sandblast by Vehumet.
  3065 | D:8      | Noticed Pikel
  3074 | D:8      | Noticed a yak
  3074 | D:8      | HP: 1/61 [Pikel/+1 whip of freezing (5)]
  3074 | D:8      | Slain by Pikel

Illustrated notes

Levels and vault maps discovered:
D:1:      mushboom_english_gardens, layout_basic
D:2:      minmay_alternating_diamond, layout_basic, basic_ecumenical_altar,
          minmay_misc_feat_hallway
D:3:      layout_rooms, mainiacjoe_overflow_surrounded_room, serial_shops, shop
D:4:      layout_rooms, lemuel_tele_altar, minmay_temple_entry_stoned_glass,
          cheibrodos_sewer_entry_sluice, minmay_manual_monstrance
D:5:      layout_rooms, grunt_temple_overflow_forces_of_nature,
          minmay_hollow_rounded_squares
D:8:      hangedman_cross_veins, layout_cave_pools, enter_bailey_5, uniq_pikel
Temple:   hc_temple_tempest_star

Skill      XL: |  1  2  3  4  5  6  7  8 |
---------------+-------------------------+-----
Fire Magic     | 4 5 6 7 8 |  8.7
Spellcasting   | 3 4 5 |  5.3
Conjurations   | 2 3 4 |  4.9
Maces & Flails | 1 2 |  2.7
Fighting       | 1 2 |  2.1
Evocations     | 2 |  2.0
Dodging        | 3 |  3.3
Stealth        | |  1.4

Action                   |  1- 3 |  4- 6 |  7- 9 || total
-------------------------+-------+-------+-------++-------
Melee: Unarmed           |    11 |     8 |       ||    19
       Punch             |     1 |       |     1 ||     2
       Flail             |       |    15 |    52 ||    67
 Cast: Foxfire           |    27 |    47 |    16 ||    90
       Scorch            |     8 |    18 |    20 ||    46
       Flame Wave        |       |     4 |     8 ||    12
  Use: Scroll            |       |    11 |     3 ||    14
       Potion            |       |     3 |     3 ||     6
Armor: Robe              |    10 |    28 |    42 ||    80
Dodge: Dodged            |    19 |    48 |    52 ||   119
